 Dungeon Crawl Stone Soup version 0.29-a0-914-g906f1d757c (webtiles) character file.

Game seed: 1994841890636924167

293 BlueGoblin the Grave Robber (level 6, -3/44 HPs)
             Began as a Demonspawn Necromancer on July 26, 2022.
             Slain by an orc priest
             ... wielding a +0 trident
              (7 damage)
             ... on level 3 of the Dungeon.
             The game lasted 00:07:07 (2803 turns).

BlueGoblin the Grave Robber (DsNe)                  Turns: 2803, Time: 00:07:08

Health: -3/44      AC:  4    Str:  8    XL:     6   Next: 11%
Magic:  3/11       EV: 12    Int: 18    God:
Gold:   93         SH:  4    Dex: 14    Spells: 8/12 levels left

rFire   . . .      SeeInvis .   c - +0 sling
rCold   . . .      Faith    .   (no shield)
rNeg    . . .      Spirit   .   a - +0 robe
rPois   .          Reflect  .   (no helmet)
rElec   .          Harm     .   (no cloak)
rCorr   .          Rampage  .   (no gloves)
Will    .....                   (no boots)
Stlth   ++........              (no amulet)
HPRegen 0.14/turn               (no ring)
MPRegen 0.12/turn               (no ring)

@: no status effects
A: yellow scales 1, condensation shield
a: no special abilities


You were on level 3 of the Dungeon.
You visited 1 branch of the dungeon, and saw 3 of its levels.

You collected 93 gold pieces.

Inventory:

Hand Weapons
 c - a +0 sling (weapon)
 k - a +0 short sword
Armour
 a - a +0 robe (worn)
Scrolls
 d - 2 scrolls of teleportation
 i - a scroll of fog {unknown}
Potions
 b - a potion of invisibility {unknown}
 e - a potion of curing {unknown}
 f - a potion of haste
 g - a potion of resistance {unknown}
 h - a potion of heal wounds {unknown}
 j - a potion of mutation {unknown}


   Skills:
 + Level 1.7 Fighting
 + Level 0.1 Ranged Weapons
 + Level 2.3 Dodging
 - Level 1.7 Stealth
 + Level 3.9 Spellcasting
 + Level 6.3 Necromancy


You had 8 spell levels left.
You knew the following spells:

 Your Spells              Type           Power      Damage    Failure   Level
a - Necrotise             Necr           100%       1d9       1%          1
b - Vampiric Draining     Necr           26%        2d7       3%          3

Your spell library contained the following spells:

 Spells                   Type           Power      Damage    Failure   Level
 Animate Dead             Necr           26%        N/A       11%         4
 Agony                    Necr           26%        N/A       30%         5


Dungeon Overview and Level Annotations

Branches:
Dungeon (3/15)

Altars:

Annotations:
D:3 1 transporter, aves's ghost, weakling DsFi


Innate Abilities, Weirdness & Mutations

You are partially covered in yellow scales. (AC +2)
A meltable shield of frost defends you. (SH +4)


Message History

The sling bullet hits the orc but does no damage.
The orc barely misses you.
You draw life force from the orc!
You kill the orc!
You draw life force from the orc.
The orc priest hits you from afar with a +0 trident.
The orc closely misses you.
You draw life force from the orc!
You kill the orc!
The orc priest mumbles some strange prayers to Beogh against you.
Beogh smites you!
You shoot a sling bullet.
The sling bullet completely misses the orc.
The orc hits you with a +0 dagger.
The orc priest hits you from afar with a +0 trident.
You shoot a sling bullet. The sling bullet barely misses the orc.
The orc hits you with a +0 dagger. The orc priest misses you.
The orc priest hits you from afar with a +0 trident.
The orc hits you but does no damage.
You are too injured to fight recklessly!
You are too injured to fight recklessly!
You are too injured to fight recklessly!
Fire: c) +0 sling
Press: ? - help, Shift-Dir - straight line, f/p - orc
Aim: an orc, wielding a +0 dagger (54% to hit)
You shoot a sling bullet. The sling bullet barely misses the orc.
The orc hits you but does no damage. The orc priest closely misses you.
Fire: c) +0 sling
Press: ? - help, Shift-Dir - straight line, f/p - orc
Aim: an orc, wielding a +0 dagger (54% to hit)
You shoot a sling bullet.
The sling bullet closely misses the orc.
The orc hits you but does no damage.
The orc priest calls down the wrath of Beogh upon you.
Beogh smites you!
* * * LOW HITPOINT WARNING * * *
The orc hits you with a +0 dagger.
* * * LOW HITPOINT WARNING * * *
The orc priest hits you from afar with a +0 trident!
You die...

.. .# .. .# o# .#
####### ####o# .......
#.@o.#
##.<.########.##.####
.##.....##.............
...........≈≈≈≈≈≈≈≈≈≈≈≈
.#.....#..≈≈≈≈≈≈≈≈≈≈≈≈≈≈
##...###.≈≈####.....###
##.## #.≈≈#..#8###8#..
#.# #.≈≈#..###g###..
##.## #.≈≈#....


g You could see an orc priest and an orc.

Vanquished Creatures
  Sigmund (D:2)
  An iguana (D:2)
  2 adders
  2 worms (D:2)
  2 dart slugs
  2 orcs (D:3)
  9 bats
  7 endoplasms
  5 giant cockroaches
  7 goblins
  4 hobgoblins
  4 jackals (D:1)
  3 quokkas (D:1)
  3 ball pythons
  2 frilled lizards (D:2)
  4 kobolds
  2 rats
60 creatures vanquished.

Vanquished Creatures (collateral kills)
  An endoplasm (D:1)
1 creature vanquished.

Grand Total: 61 creatures vanquished

Notes
Turn   | Place    | Note
-------+----------+-------------------------------------------
     0 | D:1      | BlueGoblin the Demonspawn Necromancer began the quest for
                  | the Orb.
     0 | D:1      | Reached XP level 1. HP: 13/13 MP: 3/3
   156 | D:1      | Gained mutation: You are partially covered in yellow
                  | scales. (AC +2) [demonic ancestry]
   156 | D:1      | Reached XP level 2. HP: 19/19 MP: 5/5
   320 | D:1      | Reached skill level 5 in Necromancy
   543 | D:1      | Gained mutation: A meltable shield of frost defends you.
                  | (SH +4) [demonic ancestry]
   543 | D:1      | Reached XP level 3. HP: 24/24 MP: 0/6
   918 | D:1      | Found a faded altar of an unknown god.
  1404 | D:2      | Learned a level 3 spell: Vampiric Draining
  1753 | D:2      | Noticed Sigmund
  1765 | D:2      | Killed Sigmund
  1766 | D:2      | Reached skill level 1 in Fighting
  1766 | D:2      | Reached skill level 6 in Necromancy
  1766 | D:2      | Reached XP level 4. HP: 31/32 MP: 3/9
  1766 | D:2      | Reached XP level 5. HP: 36/37 MP: 3/10
  2186 | D:2      | Reached XP level 6. HP: 43/43 MP: 7/11
  2683 | D:3      | Found a transporter.
  2691 | D:3      | Identified the +4 halberd of the Puckish God {venom,
                  | Fragile rElec rCorr Str+4}
  2751 | D:3      | Noticed aves's ghost (weakling DsFi)
  2803 | D:3      | Slain by an orc priest

Illustrated notes

Levels and vault maps discovered:
D:1:      lightli_iron_boxes, layout_basic,
          hellmonk_ecumenical_altar_slurped_away, serial_co_window_serial,
          co_window_of_opportunity_a, co_window_paths_a, co_window_corner_a,
          co_window_corner_a, co_window_paths_a, co_window_broadway_b,
          co_window_paths_c, co_window_broadway_b, co_window_paths_c,
          co_window_broadway_b, co_window_corner_b, co_window_paths_d
D:2:      layout_basic, uniq_sigmund
D:3:      layout_loops_ring, gammafunk_ghost_gnarly_gnolls, chequers_arboretum

Skill      XL: |  1  2  3 |
---------------+----------+-----
Necromancy     | 5 6 |  6.3
Dodging        | 2 |  2.3
Fighting       | 1 |  1.7
Spellcasting   | 3 |  3.9
Ranged Weapons | |  0.1
Stealth        | |  1.7

Action                   |  1- 3 |  4- 6 || total
-------------------------+-------+-------++-------
 Fire: Sling             |    70 |    67 ||   137
 Cast: Necrotise         |    41 |     9 ||    50
       Vampiric Draining |     2 |     8 ||    10
  Use: Scroll            |     4 |       ||     4
       Potion            |     1 |       ||     1
Armor: Robe              |    12 |     5 ||    17
Dodge: Dodged            |    23 |    15 ||    38
Block: Other             |     3 |     1 ||     4

Table legend: (Time is in decaauts)
 A = Elapsed time spent in this place.
 B = Non-inter-level travel time spent in this place.
 C = Inter-level travel time spent in this place.
 D = Time resting spent in this place.
 E = Time spent auto-exploring this place.
 F = Levels seen in this place.
 G = Mean time per level.
                   A        B        C        D        E       F      G
               +--------+--------+--------+--------+--------+-----+--------+
         Total |   2856 |   2724 |    132 |     37 |   2295 |   3 |  952.0 |
       Dungeon |   2856 |   2724 |    132 |     37 |   2295 |   3 |  952.0 |
               +--------+--------+--------+--------+--------+-----+--------+

Top non-repeatable levels by time:
     D:1: 1392 daAuts
     D:2: 1327 daAuts
     D:3: 136 daAuts
